 Dungeon Crawl Stone Soup version bcrawl-1.12.2 (webtiles) character file.

Game seed: 6681905213884494598

84 Ebbett the Sneak (level 4, -1/27 HPs)
             Began as a Kobold Rogue on July 23, 2019.
             Was an Initiate of Nemelex Xobeh.
             Killed from afar by an orc wizard (7 damage)
             ... with a magic dart
             ... on level 3 of the Dungeon.
             The game lasted 00:12:44 (1748 turns).

Ebbett the Sneak (Kobold Rogue)                     Turns: 1748, Time: 00:12:44

Health: -1/27      AC:  4    Str:  8    XL:     4   Next: 74%
Magic:  5/5        EV: 14    Int: 12    God:    Nemelex Xobeh [......]
Gold:   88         SH:  0    Dex: 17    Spells: 3/3 levels left

rFire    . . .     SeeInvis .   m - +2 dagger (venom)
rCold    . . .     Gourm    .   (shield restricted)
rNeg     . . .     Faith    .   c - +0 robe
rPois    .         Spirit   .   u - +0 helmet
rElec    .         Reflect  .   d - +0 cloak
rCorr    .         Harm     .   (no gloves)
MR       .....                  (no boots)
Stlth    ++++......             (no amulet)
HPRegen  0.09/turn              (no ring)
MPRegen  0.09/turn              (no ring)

@: no status effects
A: small, carnivore, mutation resistance 1
a: Draw Escape, Draw Destruction, Draw Summoning, Renounce Religion


You were on level 3 of the Dungeon.
You worshipped Nemelex Xobeh.
Nemelex Xobeh was noncommittal.
You were very full.

You visited 1 branch of the dungeon, and saw 3 of its levels.

You collected 88 gold pieces.

Inventory:

Hand Weapons
 a - a +2 dagger
 b - a +0 blowgun
 m - a +2 dagger of venom (weapon)
 t - a cursed -1 short sword
Missiles
 e - 153 poisoned needles
Armour
 c - a +0 robe (worn)
 d - a +0 cloak (worn)
 u - a +0 helmet (worn)
Jewellery
 r - an uncursed ring of protection from cold {unknown}
Wands
 f - a wand of flame (15)
 g - a wand of enslavement (15)
Scrolls
 i - a scroll of fear {unknown}
 l - 2 scrolls of enchant armour {unknown}
 o - a scroll of noise {unknown}
 q - a scroll of enchant weapon {unknown}
 s - a scroll of remove curse {unknown}
Potions
 j - a potion of curing {unknown}
 k - a potion of haste {unknown}
 n - a potion of heal wounds {unknown}
 p - a potion of degeneration {unknown}
Comestibles
 h - 3 rations {!d}


   Skills:
 + Level 0.7 Fighting
 + Level 3.7 Short Blades
 + Level 2.7 Throwing
 + Level 1.1 Dodging
 + Level 7.1 Stealth
 + Level 2.6 Evocations


You had 3 spell levels left.
You didn't know any spells.
Your spell library was empty.

Dungeon Overview and Level Annotations

Branches:
Dungeon (3/12)

Altars:
Nemelex Xobeh


Innate Abilities, Weirdness & Mutations

You are small and have problems with some larger weapons.
You are carnivorous and can eat meat at any time.
You are somewhat resistant to further mutation.


Message History

a +0 club; a +0 dagger; a hobgoblin corpse The orc shouts!
You hit the orc but do no damage.
The orc is poisoned.
You hit the orc.
The orc is severely wounded.
The orc closely misses you.
You kill the orc!
A puff of flame appears from out of thin air!
The puff of flame hits you!
A magic dart appears from out of thin air!
The magic dart hits you!
* * * LOW HITPOINT WARNING * * *
Something hits you but does no damage.
Items here: ))) [ †† You miss something.
You hear some strange, mumbled words.
A magic dart appears from out of thin air!
The magic dart hits you!
You die...
Your body disappears without a glow.

#.#.# #...#
#..##
###.###..#
........##
###.###...###
#...........#
.####....#.#
#.#@##.#
#.#{# # #.#o#
...o. #...#.
....##.
##...# .#
.#... #
....%.


You could see 2 orcs.

Vanquished Creatures
  3 adders
  A worm (D:2)
  A dart slug (D:2)
  3 leopard geckos
  2 orcs
  3 giant cockroaches (D:1)
  4 goblins
  9 hobgoblins
  5 kobolds
  A quokka (D:3)
  7 bats
  6 rats
45 creatures vanquished.

Notes
Turn   | Place    | Note
-------+----------+-------------------------------------------
     0 | D:1      | Ebbett the Kobold Rogue began the quest for the Orb.
     0 | D:1      | Reached XP level 1. HP: 11/11 MP: 2/2
    50 | D:1      | Reached skill level 6 in Stealth
   152 | D:1      | Reached XP level 2. HP: 10/17 MP: 3/3
   687 | D:2      | Reached XP level 3. HP: 8/21 MP: 4/4
   729 | D:2      | HP: 1/21 [hobgoblin (3)]
   767 | D:2      | Found a sparkling altar of Nemelex Xobeh.
  1216 | D:2      | Reached XP level 4. HP: 6/27 MP: 5/5
  1260 | D:2      | Became a worshipper of Nemelex Xobeh the Trickster
  1266 | D:2      | Reached skill level 7 in Stealth
  1342 | D:2      | Received a gift from Nemelex Xobeh
  1583 | D:3      | Found a faded altar of an unknown god.
  1598 | D:3      | Reached skill level 1 in Dodging
  1748 | D:3      | Killed from afar by an orc wizard

Skill      XL: |  1  2  3  4 |
---------------+-------------+-----
Stealth        | 6 7 |  7.1
Short Blades   | 3 |  3.7
Dodging        | 1 |  1.1
Fighting       | |  0.7
Throwing       | |  2.7
Evocations     | |  2.6

Action                   |  1- 3 |  4- 6 || total
-------------------------+-------+-------++-------
Melee: Dagger            |    93 |    25 ||   118
 Stab: Sleeping          |     7 |     3 ||    10
  Eat: Chunk             |     6 |     4 ||    10
Armor: Robe              |    24 |     3 ||    27
Dodge: Dodged            |    62 |    13 ||    75
